Map: Eastwatch LE

Players

Serral - Winner!

  • Race: Zerg Zerg
  • Spawn Location: 7:00

Trap

  • Race: Protoss Protoss
  • Spawn Location: 1:00

Event: IEM Season 12 - Katowice

VOD

Have the link to the VOD?

Description

Time

  • Played on: March 3, 2018, 11:36 a.m.
  • Length: 20:15

All games in this series

Show
View Real Time Build Order
Export as new Build Order

Serral Zerg - Winner!

Build Orders: Hatch First, Lurkers, Muta Ling Bane 

Get SALT Encoding   

  12  0:00  Drone  
  13  0:12  Overlord  
  13  0:16  Drone  
  14  0:30  Drone x2  
  14  0:35  Drone  
  17  0:51  Hatchery  
  17  0:54  Drone  
  17  0:58  Drone  
  18  1:08  Extractor  
  17  1:12  Spawning Pool  
  17  1:16  Drone  
  17  1:19  Drone  
  18  1:29  Drone  
  19  1:39  Overlord  
  19  1:50  Drone  
  20  1:59  Queen  
  20  2:00  Zergling x2  
  23  2:02  Queen  
  23  2:03  Zergling x2  
  23  2:07  Metabolic Boost  
  26  2:10  Drone  
  26  2:14  Drone  
  28  2:22  Drone  
  29  2:25  Drone  
  30  2:35  Drone x2  
  32  2:41  Hatchery  
  31  2:46  Queen  
  33  2:51  Overlord  
  33  2:54  Drone  
  33  2:56  Drone  
  35  2:59  Drone  
  36  3:10  Drone x2  
  36  3:11  Drone x3  
  41  3:17  Overlord  
  41  3:22  Queen  
  41  3:24  Overlord  
  43  3:30  Drone  
  44  3:36  Lair  
  44  3:39  Drone x4  
  48  3:42  Overlord  
  48  3:47  Spore Crawler  
  47  3:49  Spore Crawler  
  47  3:50  Drone  
  47  3:52  Drone  
  47  3:53  Drone  
  49  3:58  Drone x2  
  49  4:02  Queen  
  51  4:05  Drone  
  51  4:07  Drone  
  55  4:11  Overlord  
  55  4:14  Zergling x4  
  57  4:18  Drone x2  
  57  4:19  Overlord  
  59  4:24  Roach Warren  
  59  4:28  Zergling x6  
  61  4:35  Overlord  
  61  4:37  Drone x2  
  64  4:38  Drone x2  
  64  4:40  Extractor  
  64  4:42  Drone, Extractor  
  64  4:44  Drone  
  64  4:45  Drone  
  65  4:47  Drone  
  66  4:58  Drone x3  
  66  4:59  Drone, Overlord  
  70  5:02  Overlord  
  70  5:07  Glial Reconstitution  
  70  5:08  Roach  
  70  5:09  Roach x2  
  70  5:12  Roach x2  
  79  5:20  Roach x3  
  79  5:21  Roach x2  
  89  5:25  Overlord  
  89  5:26  Drone x2  
  91  5:30  Overlord  
  91  5:32  Drone x3  
  94  5:39  Extractor, Overlord  
  94  5:41  Evolution Chamber  
  92  5:46  Baneling Nest  
  92  5:48  Roach  
  92  5:49  Roach, Overlord  
  95  5:55  Drone x2, Overlord  
  95  5:56  Drone x2  
  99  5:57  Drone  
  99  5:58  Drone x2  
  99  6:00  Overlord  
  102  6:04  Extractor  
  102  6:05  Extractor  
  102  6:06  Overlord  
  102  6:08  Zerg Melee Weapons Level 1  
  102  6:10  Drone  
  101  6:11  Overseer  
  101  6:12  Drone x4  
  105  6:22  Drone x3  
  107  6:30  Roach x2, Zergling x2  
  107  6:31  Zergling x6  
  113  6:34  Centrifical Hooks  
  113  6:39  Zergling x12  
  119  6:45  Spire  
  118  6:52  Ravager x2, Overlord  
  118  6:53  Zergling x4  
  122  6:59  Overlord  
  121  7:07  Hatchery  
  119  7:11  Roach x2  
  119  7:12  Roach, Zergling x8  
  128  7:16  Overlord  
  128  7:21  Overlord  
  125  7:23  Zergling x10  
  130  7:32  Overlord  
  130  7:35  Drone x5  
  130  7:36  Drone x2  
  130  7:37  Drone  
  138  7:57  Mutalisk x8  
  153  8:01  Extractor x2  
  153  8:03  Baneling x16  
  151  8:06  Zergling x10  
  151  8:07  Zergling x2  
  156  8:22  Mutalisk x3  
  162  8:28  Mutalisk  
  162  8:31  Hatchery  
  163  8:35  Drone x4  
  163  8:38  Mutalisk  
  169  8:42  Zergling x12  
  169  8:46  Hatchery  
  169  8:47  Zerg Melee Weapons Level 2  
  172  8:52  Mutalisk  
  168  9:02  Mutalisk x2  
  166  9:06  Mutalisk  
  168  9:15  Mutalisk x2  
  166  9:20  Zergling x28  
  177  9:31  Hatchery  
  174  9:52  Extractor  
  175  9:55  Infestation Pit, Hydralisk Den  
  175  9:56  Extractor  
  170  10:00  Evolution Chamber  
  170  10:03  Drone x8  
  170  10:05  Zergling x22  
  188  10:16  Zergling x14  
  188  10:17  Zergling x8  
  199  10:26  Zerg Missile Weapons Level 1, Grooved Spines  
  196  10:28  Hydralisk  
  196  10:33  Hive  
  198  10:36  Baneling x5  
  198  10:37  Baneling x10  
  198  10:40  Baneling x36  
  198  10:42  Zergling x10  
  196  10:55  Zergling x28  
  184  11:01  Zergling x12  
  184  11:02  Zergling x2  
  140  11:19  Hydralisk x7  
  150  11:32  Hydralisk x4  
  156  11:37  Spore Crawler  
  155  11:40  Hydralisk x3  
  155  11:44  Drone x3  
  155  11:45  Drone  
  157  11:48  Muscular Augments  
  157  11:49  Drone  
  157  11:52  Drone x2  
  157  11:53  Drone x2  
  162  12:00  Drone  
  162  12:01  Drone x3, Spore Crawler  
  165  12:12  Lurker Den  
  165  12:14  Drone x7  
  165  12:15  Drone x3  
  174  12:21  Overlord x2  
  169  12:28  Overlord  
  162  12:38  Hydralisk x5  
  162  12:42  Adrenal Glands  
  172  12:45  Zerg Missile Weapons Level 2  
  172  12:59  Baneling x15  
  172  13:04  Hatchery  
  171  13:20  Drone x6  
  171  13:22  Drone x2  
  171  13:23  Hydralisk x4  
  186  13:30  Zerg Ground Armor Level 1  
  186  13:31  Overlord x2  
  186  13:34  Spore Crawler, Burrow  
  186  13:35  Spore Crawler  
  186  13:37  Pneumatized Carapace, Adaptive Talons  
  186  13:39  Spore Crawler x2  
  186  13:40  Lurker x4  
  182  13:42  Drone  
  182  13:46  Drone  
  182  13:47  Drone x2  
  184  13:53  Drone x7  
  168  14:13  Drone x2  
  168  14:15  Extractor, Lurker x2  
  168  14:16  Lurker x2  
  164  14:17  Hydralisk  
  164  14:18  Hydralisk x4  
  164  14:21  Drone x2  
  162  14:35  Hydralisk x2  
  162  14:36  Zergling x20  
  176  14:40  Overseer  
  176  14:44  Drone x2  
  176  14:45  Drone  
  179  14:46  Drone  
  179  14:47  Drone x2  
  179  14:49  Drone x3  
  179  14:50  Drone  
  184  15:06  Hydralisk  
  184  15:07  Hydralisk x8  
  175  15:19  Spine Crawler  
  172  15:23  Hydralisk x3  
  172  15:25  Zergling x20  
  183  15:40  Lurker x4  
  186  15:43  Drone x3  
  186  15:44  Drone x2  
  191  15:50  Hydralisk x4  
  191  15:55  Zerg Ground Armor Level 2  
  191  15:56  Zerg Missile Weapons Level 3  
  195  16:08  Hatchery  
  179  16:23  Hydralisk, Swarm Host  
  179  16:24  Hydralisk x8, Zergling x8  
  179  16:25  Zergling x2  
  193  16:34  Overseer  
  193  16:35  Overseer x2  
  193  16:39  Hydralisk x5  
  189  16:40  Zergling x2  
  200  16:47  Overlord  
  200  16:59  Extractor  
  200  17:00  Drone, Spine Crawler  
  199  17:01  Drone, Spine Crawler  
  192  17:17  Overseer  
  188  17:22  Hydralisk  
  188  17:23  Hydralisk x5  
  192  17:38  Hydralisk x5  
  191  17:57  Roach x5  
  191  17:58  Overseer  
  199  17:59  Overseer  
  199  18:09  Spire  
  196  18:42  Hydralisk  
  196  18:43  Zergling x2  
  199  18:54  Overlord  
  164  19:12  Hydralisk x19  
  153  19:20  Queen x2  
  153  19:21  Queen x3  
  153  19:22  Extractor, Hydralisk x3  
  153  19:23  Extractor, Hydralisk x3  
  153  19:24  Hydralisk x2  
  157  19:39  Hydralisk x9  
  157  19:45  Hatchery  
  174  19:46  Hydralisk x5  
  174  19:48  Hatchery  
Show
View Real Time Build Order
Export as new Build Order

Trap Protoss 

Build Orders: 1 Gate Expand, Oracle Opening, Phoenix Opening, Archon Immortal, Zealot Archon, Archon Drop 

Get SALT Encoding   

  12  0:00  Probe  
  13  0:12  Probe  
  14  0:19  Pylon  
  14  0:24  Probe  
  15  0:37  Probe (Chrono Boost)  
  16  0:44  Gateway  
  16  0:47  Probe (Chrono Boost)  
  17  0:52  Probe (Chrono Boost), Assimilator  
  18  1:04  Probe  
  19  1:16  Probe  
  20  1:25  Nexus  
  20  1:35  Cybernetics Core  
  20  1:38  Probe  
  21  1:45  Assimilator  
  21  1:50  Probe  
  22  1:54  Pylon  
  22  2:02  Probe  
  23  2:10  Adept (Chrono Boost)  
  23  2:14  Probe  
  26  2:19  Stargate  
  26  2:27  Probe (Chrono Boost), Warp Gate  
  26  2:29  Adept  
  29  2:38  Probe (Chrono Boost)  
  29  2:39  Probe (Chrono Boost)  
  31  2:47  Probe (Chrono Boost)  
  31  2:48  Probe (Chrono Boost)  
  33  2:53  Probe  
  33  2:54  Probe  
  37  3:05  Phoenix (Chrono Boost)  
  40  3:07  Probe x2  
  41  3:13  Pylon  
  41  3:19  Probe  
  43  3:20  Probe  
  43  3:21  Oracle  
  44  3:27  Assimilator  
  44  3:29  Assimilator  
  44  3:31  Probe  
  44  3:32  Probe  
  46  3:39  Pylon  
  46  3:42  Robotics Facility  
  46  3:46  Probe (Chrono Boost)  
  48  3:48  Probe (Chrono Boost)  
  48  3:53  Twilight Council  
  49  3:57  Probe (Chrono Boost)  
  49  4:00  Probe (Chrono Boost)  
  49  4:02  Probe (Chrono Boost)  
  50  4:09  Probe  
  52  4:12  Probe  
  52  4:16  Gateway  
  53  4:17  Gateway  
  53  4:22  Gateway  
  53  4:23  Probe  
  54  4:24  Probe  
  54  4:35  Templar Archives  
  54  4:36  Warp Prism (Chrono Boost)  
  54  4:37  Pylon  
  54  4:45  Pylon, Charge (Chrono Boost)  
  56  4:51  Zealot  
  58  4:56  Gateway  
  58  5:00  Gateway  
  60  5:17  Observer  
  60  5:20  Nexus  
  59  5:21  Pylon  
  59  5:29  High Templar x4  
  59  5:33  Archon x2  
  66  5:38  Forge  
  66  5:39  Probe x2  
  68  5:44  Immortal (Chrono Boost)  
  72  5:51  Probe x2  
  74  5:59  Pylon  
  74  6:05  Sentry x2  
  74  6:06  Sentry  
  74  6:08  Probe x2  
  82  6:12  Protoss Ground Weapons Level 1 (Chrono Boost)  
  82  6:14  Pylon  
  82  6:16  Pylon  
  82  6:20  Immortal (Chrono Boost)  
  86  6:32  Zealot x6  
  98  6:41  Probe x2  
  98  6:42  Probe  
  101  6:52  Assimilator  
  101  6:53  Probe x2, Assimilator  
  101  6:54  Probe, Pylon  
  104  6:57  Zealot  
  104  6:59  Immortal (Chrono Boost)  
  106  7:08  Probe x3  
  113  7:10  Phoenix  
  115  7:18  Photon Cannon  
  115  7:21  Probe x3, Pylon  
  118  7:25  Pylon  
  118  7:26  High Templar x2  
  122  7:30  Archon, Immortal (Chrono Boost)  
  126  7:38  Psionic Storm  
  126  7:39  Pylon  
  126  7:41  Probe x3  
  129  7:48  Phoenix  
  131  7:54  Photon Cannon  
  131  7:58  Pylon  
  131  8:01  Photon Cannon  
  131  8:02  Immortal (Chrono Boost)  
  131  8:05  Protoss Ground Weapons Level 2 (Chrono Boost)  
  135  8:13  Phoenix (Chrono Boost)  
  137  8:22  Shield Battery, High Templar x2  
  141  8:31  Shield Battery  
  141  8:33  Phoenix (Chrono Boost)  
  143  8:34  High Templar  
  143  8:37  Pylon  
  143  8:39  Pylon  
  145  8:44  Pylon  
  145  8:46  Observer  
  144  8:53  Phoenix (Chrono Boost)  
  144  9:09  Phoenix (Chrono Boost)  
  144  9:18  Zealot x6  
  156  9:24  Gateway  
  156  9:27  Gateway  
  156  9:29  Pylon, Gateway  
  156  9:38  Phoenix (Chrono Boost)  
  152  9:45  Zealot x5  
  155  9:46  Pylon, Zealot  
  163  9:54  Phoenix  
  165  10:00  Observer  
  165  10:06  Nexus  
  165  10:07  Photon Cannon  
  165  10:08  Photon Cannon  
  165  10:10  Photon Cannon  
  165  10:13  High Templar x6  
  177  10:17  Archon x3  
  177  10:20  Observer (Chrono Boost)  
  172  10:35  Zealot x2  
  174  10:36  Warp Prism (Chrono Boost)  
  174  10:41  Pylon  
  148  11:00  Zealot x9  
  148  11:01  Protoss Ground Weapons Level 3 (Chrono Boost)  
  156  11:05  Phoenix (Chrono Boost)  
  114  11:21  Phoenix (Chrono Boost)  
  112  11:26  Zealot x3, High Templar x4  
  112  11:27  Zealot x2  
  128  11:35  Immortal (Chrono Boost)  
  128  11:42  Robotics Facility x2  
  128  11:45  Phoenix  
  130  11:50  High Templar  
  130  11:51  Zealot x3, High Templar  
  140  11:56  Archon, Assimilator x2  
  138  12:07  Immortal (Chrono Boost)  
  142  12:14  Probe x4, Shield Battery  
  145  12:16  Shield Battery, High Templar  
  143  12:32  Immortal x2 (Chrono Boost)  
  148  12:43  Immortal (Chrono Boost)  
  148  12:44  Blink  
  152  12:45  Zealot x4  
  152  12:46  Zealot x4  
  168  12:54  Dark Shrine  
  168  12:56  Photon Cannon  
  168  13:02  Probe x4  
  176  13:10  Immortal (Chrono Boost)  
  176  13:11  Immortal (Chrono Boost)  
  178  13:14  Probe  
  181  13:21  High Templar x2  
  185  13:27  Immortal (Chrono Boost)  
  185  13:29  Archon  
  184  13:39  Immortal (Chrono Boost)  
  184  13:40  Pylon  
  184  13:43  Observer (Chrono Boost)  
  189  13:53  Fleet Beacon  
  193  13:56  Immortal x2 (Chrono Boost)  
  193  13:58  Stargate  
  193  13:59  Nexus  
  193  14:01  Probe x4  
  197  14:07  Protoss Shields Level 1 (Chrono Boost)  
  186  14:13  Probe  
  163  14:22  Dark Templar  
  163  14:23  Dark Templar x3  
  171  14:26  Dark Templar  
  171  14:30  Warp Prism (Chrono Boost)  
  175  14:34  Archon  
  175  14:35  Archon  
  175  14:36  Dark Templar x2  
  175  14:42  Archon  
  175  14:47  Zealot x2  
  155  15:15  Zealot x5  
  155  15:16  Zealot x2  
  155  15:20  Probe x4  
  161  15:32  Probe (Chrono Boost)  
  161  15:33  Oracle  
  168  15:36  Observer  
  168  15:37  Probe x3 (Chrono Boost)  
  168  15:38  Probe (Chrono Boost)  
  168  15:40  Mothership (Chrono Boost)  
  163  15:46  Probe (Chrono Boost)  
  163  15:48  Probe x3 (Chrono Boost)  
  163  15:53  Dark Templar x4  
  171  15:58  Archon x2  
  171  16:00  Zealot x3  
  165  16:06  Immortal (Chrono Boost)  
  158  16:19  Immortal x2 (Chrono Boost)  
  158  16:23  Protoss Shields Level 2 (Chrono Boost)  
  162  16:30  Dark Templar  
  162  16:31  Zealot  
  158  16:52  Photon Cannon  
  158  16:54  Photon Cannon  
  158  16:56  High Templar x2  
  158  16:57  High Templar  
  164  17:01  Zealot x5  
  174  17:11  Immortal (Chrono Boost)  
  174  17:12  Observer (Chrono Boost)  
  174  17:14  Immortal (Chrono Boost)  
  177  17:27  Observer (Chrono Boost)  
  177  17:33  Nexus  
  174  17:44  Observer  
  165  17:55  Immortal  
  156  18:09  Immortal  
  154  18:30  Pylon  
  158  18:51  Immortal x2 (Chrono Boost)  
  162  18:56  Immortal (Chrono Boost)  
  85  19:28  High Templar x2  
  85  19:29  Zealot x7  
  85  19:31  Observer (Chrono Boost)  
  98  19:44  Observer (Chrono Boost)  
  98  19:45  Assimilator x2  

Tags
 
Add a new tag
Caveats
  • Supply blocks, unpowered buildings, or Contaminate may cause inaccurate times.
  • Supply counts are checked every 10 seconds.